 Dungeon Crawl Stone Soup version 0.31-a0-986-g5e6e4ef867 (webtiles) character file.

Game seed: 4199709987362900506

361 sammy202020 the Ruffian (level 6, 0/56 HPs)
             Began as a Naga Shapeshifter on Nov 14, 2023.
             Slain by an orc
             ... wielding a +0 flail
              (17 damage)
             ... on level 4 of the Dungeon.
             The game lasted 00:08:36 (2575 turns).

sammy202020 the Ruffian (Naga Shapeshifter)         Turns: 2575, Time: 00:08:37

Health: 0/56       AC:  6    Str: 19    XL:     6   Next: 66%
Magic:  6/6        EV:  1    Int: 10    God:
Gold:   87         SH:  0    Dex: 16    Spells: 5/5 levels left

rFire   . .          .
                       - Unarmed
rCold   + . .        (no shield)
rNeg    . . .        h - +0 chain mail
rPois   +            (helmet currently unavailable)
rElec   .            (cloak currently unavailable)
rCorr   .            (gloves currently unavailable)
SInv    +            (no barding)
Will    .....        (no amulet) Stlth
                     e - +6 ring of dexterity
HPRegen 0.29/turn    f - ring of protection from cold
MPRegen 0.10/turn

%: no passive effects
@: confused, beast-form, sleeping, ambrosia-drunk, very slow
A: beast (slay +2), AC +2, large, see invisible, deformed body, poison
resistance, slowness 2, spit poison 1, naga tail 1
a: Spit Poison, Begin Untransformation


You were on level 4 of the Dungeon.
You were a hulking beast.
You visited 1 branch of the dungeon, and saw 4 of its levels.

You collected 87 gold pieces.

Inventory:

Armour
 a - a +0 animal skin
 h - a +0 chain mail (worn)
 k - a +0 pair of gloves
Jewellery
 e - a +6 ring of dexterity (left hand)
 f - a ring of protection from cold (right hand)
Talismans
 c - a beast talisman
 d - a flux talisman
Scrolls
 g - 2 scrolls of fog
 i - 3 scrolls of immolation
 j - a scroll of identify
 m - a scroll of teleportation
 n - a scroll of poison {unknown}
 o - a scroll of enchant weapon
Potions
 b - a potion of lignification


   Skills:
 * Level 3.2 Fighting
 + Level 1.4 Armour
 + Level 2.3 Dodging
 * Level 4.5 Unarmed Combat
 * Level 4.2 Shapeshifting


You had 5 spell levels left.
You didn't know any spells.
Your spell library contained the following spells:

 Spells                   Type           Power      Damage    Failure   Level
 Scorch                   Fire           0%         2d5       99%         2
 Sublimation of Blood     Necr           0%         N/A       99%         2
 Wereblood                Tmut           0%         N/A       99%         2
 Ozocubu's Armour         Ice            0%         N/A       100%        3
 Flame Wave               Conj/Fire      0%         2d4       100%        4
 Metabolic Englaciation   Hex/Ice        0%         N/A       100%        5
 Simulacrum               Ice/Necr       0%         N/A       100%        6
 Summon Cactus Giant      Summ           0%         N/A       100%        6
 Summon Hydra             Summ           0%         N/A       100%        7


Dungeon Overview and Level Annotations

Branches:
Dungeon (4/15)
 Temple: D:4-7

Altars:
Kikubaaqudgha
The Shining One


Innate Abilities, Weirdness & Mutations

You are a hulking beast.
Your limbs bulge with bestial killing power. (Slay +2)
Your serpentine skin is tough. (AC +2)
You have supernaturally acute eyesight. (SInv)
Armour fits poorly on your strangely shaped body.
Your system is resistant to poisons. (rPois)
You cover ground very slowly.
You can spit poison.
You have a snake-like lower body.


Message History

You completely miss the hound.
The hound is severely wounded.
The hound bites you.
* * * LOW HITPOINT WARNING * * *
The hound barely misses you. The orc hits you with a +0 flail.
* * * LOW HITPOINT WARNING * * *
Unknown command.
You hit the hound.
The hound is almost dead.
The hound bites you.
* * * LOW HITPOINT WARNING * * *
The orc hits you but does no damage.
Unknown command.
You are confused.
You feel invigorated.
You have got your breath back.
The hound bites you.
* * * LOW HITPOINT WARNING * * *
The orc hits you but does no damage. The hound bites you.
* * * LOW HITPOINT WARNING * * *
You closely miss the hound.
The hound is almost dead.
The hound bites you but does no damage.
You punch the hound!
You kill the hound!
The orc hits you but does no damage.
A goblin comes into view. It is wielding a +0 dagger.
You bump into the rock wall.
The goblin shouts!
The orc hits you with a +0 flail.
* * * LOW HITPOINT WARNING * * *
The sleepcap barely misses you.
You bump into the rock wall.
The orc hits you with a +0 flail.
* * * LOW HITPOINT WARNING * * *
The sleepcap releases spores at you.
* * * LOW HITPOINT WARNING * * *
You are engulfed in a cloud of soporific spores!
You fall asleep.
The orc hits you with a +0 flail!
You die...

...... #......
....... $.o....
....... # .......
...##.#####.......
.......fho.#......
#####.####.#......
.. #. ####)..B# .
#.##....##...#
#.##.#### #... ##
#.#..# ## . #.#.##
#.#.# ####...#


You could see a sleepcap and an orc.

Vanquished Creatures
  A hound (D:4)
  An iguana (D:4)
  Jessica (D:3)
  Natasha (thrice) (D:2)
  An orc wizard (D:4)
  Terence (D:2)
  5 adders
  A worm (D:2)
  4 dart slugs
  4 orcs
  8 ball pythons
  10 endoplasms
  3 giant cockroaches
  6 goblins
  10 hobgoblins
  7 jackals
  8 quokkas
  6 bats
  6 frilled lizards
  A kobold (D:1)
  8 rats
95 creatures vanquished.

Notes
Turn   | Place    | Note
-------+----------+-------------------------------------------
     0 | D:1      | sammy202020 the Naga Shapeshifter began the quest for the
                  | Orb.
     0 | D:1      | Reached XP level 1. HP: 18/18 MP: 1/1
   192 | D:1      | Reached XP level 2. HP: 20/25 MP: 2/2
   472 | D:1      | Reached XP level 3. HP: 28/31 MP: 3/3
   827 | D:2      | Noticed Natasha
   850 | D:2      | HP: 1/32 [dart slug (1)]
   852 | D:2      | Killed Natasha
   853 | D:2      | Reached XP level 4. HP: 2/39 MP: 4/4
   858 | D:2      | Noticed Natasha
   872 | D:2      | Killed Natasha
  1193 | D:2      | Reached XP level 5. HP: 42/46 MP: 5/5
  1233 | D:2      | Found a faded altar of an unknown god.
  1235 | D:2      | Noticed Natasha
  1236 | D:2      | Noticed Terence
  1253 | D:2      | Killed Terence
  1256 | D:2      | HP: 1/46 [Natasha (6)]
  1257 | D:2      | Killed Natasha
  1258 | D:2      | Reached skill level 1 in Armour
  2105 | D:3      | Reached XP level 6. HP: 53/55 MP: 6/6
  2166 | D:3      | Found an ancient bone altar of Kikubaaqudgha.
  2166 | D:3      | Found a glowing golden altar of the Shining One.
  2270 | D:3      | Noticed Jessica
  2274 | D:3      | Killed Jessica
  2575 | D:4      | Slain by an orc

Illustrated notes

Levels and vault maps discovered:
D:1:      dpeg_arrival_orchard, layout_loops_ring, minmay_misc_feat_alley
D:2:      layout_rooms, hellmonk_ecumenical_altar_blasted, uniq_natasha,
          uniq_terence
D:3:      layout_basic, grunt_temple_overflow_open, uniq_jessica
D:4:      layout_rooms

Skill      XL: |  1  2  3  4  5  6 |
---------------+-------------------+-----
Fighting       | 2 3 |  3.2
Dodging        | 2 |  2.3
Armour         | 1 |  1.4
Unarmed Combat | 4 |  4.5
Shapeshifting  | 4 |  4.2

Action                     |  1- 3 |  4- 6 || total
---------------------------+-------+-------++-------
  Melee: Unarmed           |    75 |   155 ||   230
         Punch             |     2 |     4 ||     6
Ability: Spit Poison       |    10 |    17 ||    27
    Use: Potion            |     2 |     3 ||     5
         Scroll            |     5 |     2 ||     7
   Stab: Sleeping          |     1 |       ||     1
 Armour: Animal skin       |     6 |       ||     6
         Chain mail        |   101 |   185 ||   286
  Dodge: Dodged            |    45 |    61 ||   106

Table legend: (Time is in decaauts)
 A = Elapsed time spent in this place.
 B = Non-inter-level travel time spent in this place.
 C = Inter-level travel time spent in this place.
 D = Time resting spent in this place.
 E = Time spent auto-exploring this place.
 F = Levels seen in this place.
 G = Mean time per level.
                   A        B        C        D        E       F      G
               +--------+--------+--------+--------+--------+-----+--------+
         Total |   3124 |   3094 |     30 |    428 |   1924 |   4 |  781.0 |
       Dungeon |   3124 |   3094 |     30 |    428 |   1924 |   4 |  781.0 |
               +--------+--------+--------+--------+--------+-----+--------+

Top non-repeatable levels by time:
     D:1: 1037 daAuts
     D:2: 1002 daAuts
     D:3: 757 daAuts
     D:4: 326 daAuts
